 Dungeon Crawl Stone Soup version 0.26.1-2-gb8aa6d0cf2 (webtiles) character file.

Game seed: 11871271629915069387

373 Allula97 the Sneak (level 6, -3/30 HPs)
             Began as a Vine Stalker Enchanter on Feb 17, 2021.
             Was an Initiate of Trog (penitent).
             Slain by a polar bear (8 damage)
             ... created by the rage of Trog
             ... on level 3 of the Dungeon.
             The game lasted 00:10:20 (2710 turns).

Allula97 the Sneak (Vine Stalker Enchanter)         Turns: 2710, Time: 00:10:22

Health: -3/30      AC:  2    Str: 10    XL:     6   Next: 71%
Magic:  0/11       EV: 13    Int: 15    God:    Trog [*]
Gold:   159        SH:  0    Dex: 17    Spells: 7/10 levels left

rFire    . . .     SeeInvis .   r - +4 dagger (speed)
rCold    . . .     Faith    .   (no shield)
rNeg     . . .     Spirit   +   b - +0 robe
rPois    .         Reflect  .   (no helmet)
rElec    .         Harm     .   (no cloak)
rCorr    .         Rampage  .   (no gloves)
Will     .....                  (no boots)
Stlth    +++.......             (no amulet)
HPRegen  0.50/turn              (no ring)
MPRegen  0.12/turn              (no ring)

@: no status effects
A: fangs 2, regeneration 1, magic shield, antimagic bite, no potion heal 3
a: Renounce Religion


You were on level 3 of the Dungeon.
You worshipped Trog.
Trog was demanding penance.
You visited 1 branch of the dungeon, and saw 3 of its levels.

You collected 159 gold pieces.

Inventory:

Hand Weapons
 a - a +1 dagger
 f - a +0 antimagic dagger
 j - a +2 whip of electrocution
 r - a +4 dagger of speed (weapon)
Missiles
 k - 2 throwing nets
Armour
 b - a +0 robe (worn)
Jewellery
 i - an uncursed ring of flight
Wands
 m - a wand of polymorph (15)
Scrolls
 d - 2 scrolls of remove curse
 n - a scroll of immolation
Potions
 c - 2 potions of lignification {unknown}
 e - a potion of brilliance
 g - a potion of degeneration {unknown}
 h - a potion of curing
 l - a potion of haste {unknown}
 o - 2 potions of flight
 p - a potion of heal wounds {unknown}
 q - a potion of magic {unknown}


   Skills:
 * Level 2.0 Fighting
 * Level 2.8 Short Blades
 * Level 1.4 Armour
 * Level 2.2 Dodging
 * Level 6.0 Stealth
 - Level 2.6 Spellcasting
 - Level 3.4 Hexes


You had 7 spell levels left.
You knew the following spells:

 Your Spells              Type           Power        Failure   Level
a - Corona                Hex            13%          4%          1
b - Ensorcelled Hibernat  Hex/Ice        14%          16%         2

Your spell library contained the following spells:

 Spells                   Type           Power        Failure   Level
 Confusing Touch          Hex            12%          16%         3
 Tukima's Dance           Hex            12%          16%         3
 Dazzling Flash           Conj/Hex       14%          30%         3


Dungeon Overview and Level Annotations

Branches:
Dungeon (3/15)

Altars:
Trog
Zin


Innate Abilities, Weirdness & Mutations

You have extremely sharp teeth.
Your natural rate of healing is unusually fast.
When hurt, damage is shared between your health and your magic reserves.
Your bite disrupts and absorbs the magic of your enemies.
Potions cannot restore your health.


Message History

The black bear completely misses the bush.
The black bear claws the bush.
You hit the polar bear but do no damage.
The polar bear is lightly wounded.
The black bear bites the bush.
The black bear claws the bush. x2
The polar bear bites you.
* * * LOW HITPOINT WARNING * * *
The polar bear claws you.
* * * LOW HITPOINT WARNING * * *
The polar bear closely misses you.
The black bear bites the bush.
The black bear claws the bush but does no damage.
The black bear claws the bush.
You hit the polar bear.
You bite the polar bear, but do no damage.
The polar bear is lightly wounded.
The black bear bites the bush!
The black bear claws the bush but does no damage. x2
The black bear bites the bush but does no damage.
The black bear claws the bush. x2; The polar bear bites you!
You die...

.# .# ## .# ## .#
'###############.. .♣
.....##.......... ♣.♣♣♣
...............# ♣♣PP.PP♣
.....##........#♣♣PP..[PP♣
.....##.........♣♣P.....P♣♣
.....##.........@hhh.⌠.....
.....##.........♣♣P.....P♣♣.#
.....##.........♣♣PP...PP♣♣.#
.....##(.........♣♣PP.PP♣♣..
.....##......)...♣♣ ♣.♣♣♣♣.#
.....##.....†)....#♣♣.♣♣##.######
......'.....)...[................
#######..........................
.................................


You could see a polar bear (berserk) and 2 black bears.

Vanquished Creatures
  An eye of draining (D:3)
  An ogre (D:3)
  An orc wizard (D:3)
  8 adders
  3 gnolls (D:2)
  A worm (D:3)
  3 leopard geckos
  2 orcs (D:3)
  6 bats
  2 giant cockroaches (D:1)
  13 goblins
  8 hobgoblins
  9 kobolds
  A quokka (D:2)
  3 ball pythons
  2 frilled lizards
  10 rats
74 creatures vanquished.

Vanquished Creatures (others)
  5 plants (D:3)
5 creatures vanquished.

Grand Total: 79 creatures vanquished

Notes
Turn   | Place    | Note
-------+----------+-------------------------------------------
     0 | D:1      | Allula97 the Vine Stalker Enchanter began the quest for the
                  | Orb.
     0 | D:1      | Reached XP level 1. HP: 9/9 MP: 4/4
   164 | D:1      | Reached skill level 1 in Short Blades
   404 | D:1      | Reached XP level 2. HP: 11/14 MP: 4/6
   408 | D:1      | Learned a level 2 spell: Ensorcelled Hibernation
  1178 | D:2      | Reached skill level 4 in Stealth
  1178 | D:2      | Reached XP level 3. HP: 17/17 MP: 7/7
  1182 | D:2      | Reached skill level 1 in Fighting
  1282 | D:2      | Gained mutation: Your natural rate of healing is unusually
                  | fast. [Vine Stalker growth]
  1282 | D:2      | Reached XP level 4. HP: 22/22 MP: 3/8
  1417 | D:2      | Found a faded altar of an unknown god.
  1492 | D:2      | Became a worshipper of Trog the Wrathful
  1492 | D:2      | Reached * piety under Trog
  2042 | D:2      | Found a glowing silver altar of Zin.
  2149 | D:3      | Was placed under penance by Trog
  2175 | D:3      | Reached skill level 5 in Stealth
  2175 | D:3      | Reached XP level 5. HP: 20/25 MP: 2/10
  2325 | D:3      | Noticed an ogre
  2332 | D:3      | Killed an ogre
  2333 | D:3      | Reached skill level 1 in Armour
  2422 | D:3      | Reached XP level 6. HP: 22/30 MP: 8/11
  2590 | D:3      | Noticed an eye of draining
  2592 | D:3      | Found a bloodstained altar of Trog.
  2615 | D:3      | Killed an eye of draining
  2616 | D:3      | Reached skill level 6 in Stealth
  2700 | D:3      | Noticed a black bear
  2700 | D:3      | Noticed a black bear
  2700 | D:3      | Noticed a polar bear
  2710 | D:3      | Slain by a polar bear

Illustrated notes

Levels and vault maps discovered:
D:1:      lemuel_arrival_broad_hall, layout_loops_corners,
          corexii_leaking_fountain
D:2:      layout_loops_ring, general_overflow_altar,
          chequers_ecumenical_altar_island
D:3:      layout_basic, serial_forest, infiniplex_forest_end_1,
          infiniplex_forest_lined_4_way, infiniplex_forest_lined_3,
          infiniplex_forest_clump_double, infiniplex_forest_clump_double,
          infiniplex_forest_straight_2, infiniplex_forest_fountain, st_stairs_8,
          minmay_misc_feat_roman, trog_eyes_of_draining

Skill      XL: |  1  2  3  4  5  6 |
---------------+-------------------+-----
Short Blades   | 1 2 |  2.8
Stealth        | 4 5 6 |  6.0
Fighting       | 1 2 |  2.0
Armour         | 1 |  1.4
Dodging        | 2 |  2.2
Spellcasting   | |  2.6
Hexes          | |  3.4

Action                   |  1- 3 |  4- 6 || total
-------------------------+-------+-------++-------
Melee: Dagger            |    50 |   174 ||   224
       Bite              |     9 |    57 ||    66
 Cast: Corona            |     6 |       ||     6
       Ensorcelled Hiber |     6 |     7 ||    13
  Use: Scroll            |       |     8 ||     8
       Potion            |       |     2 ||     2
 Stab: Sleeping          |    10 |    11 ||    21
       Distracted        |       |     1 ||     1
Armor: Robe              |    14 |    15 ||    29
Dodge: Dodged            |    37 |    79 ||   116
